| TOP OF THE 1ST |
|
Portland Angels batting - Pitching for Calgary Flames : LHP Dae-Jung Cho
|
|
Pitching: LHP Dae-Jung Cho
|
|
|
Batting: RHB Dan Burkhart
|
0-0: Ball 1-0: Ball 2-0: Called Strike 2-1: Foul Ball, location: 2F 2-2: Ball 3-2: Base on Balls
|
|
Batting: RHB Jon Shonka
|
0-0: Ball 1-0: Fly out, F4 (Popup, 4S, EV 83.1 MPH)
|
|
Batting: RHB Juan Rosa
|
0-0: Called Strike 0-1: Foul Ball, location: 2F 0-2: Ball 1-2: Ball 2-2: Ball 3-2: Strikes out looking Dan Burkhart steals 2nd base Batter strikes out.
|
|
Batting: RHB Khalil Thurston
|
0-0: Ball 1-0: Ball 2-0: Foul Ball, location: 2F 2-1: Ground out U3 (Groundball, 34, EV 90.6 MPH)
|
| Top of the 1st over - 0 runs, 0 hits, 0 errors, 1 left on base; Portland 0 - Calgary 0 |
| BOTTOM OF THE 1ST |
|
Calgary Flames batting - Pitching for Portland Angels : RHP Hector Carrizales
|
|
Pitching: RHP Hector Carrizales
|
|
|
Batting: RHB Dave McBain
|
0-0: Called Strike 0-1: Swinging Strike 0-2: Ball 1-2: Ground out U3 (Groundball, 34, EV 87.5 MPH)
|
|
Batting: RHB Brian DeVoe
|
0-0: Ball 1-0: Ball 2-0: Fly out, F8 (Line Drive, 8LM, EV 95.6 MPH)
|
|
Batting: RHB Eric McMillian
|
0-0: Fly out, F9 (Line Drive, 9D, EV 98.1 MPH)
|
| Bottom of the 1st over - 0 runs, 0 hits, 0 errors, 0 left on base; Portland 0 - Calgary 0 |
| TOP OF THE 2ND |
|
Portland Angels batting - Pitching for Calgary Flames : LHP Dae-Jung Cho
|
|
Batting: RHB Edward Hillock
|
0-0: Ball 1-0: Foul Ball, location: 2F 1-1: Ball 2-1: Foul Ball, location: 2F 2-2: Strikes out looking
|
|
Batting: LHB Edgar van der Meeren
|
0-0: Ball 1-0: DOUBLE (Line Drive, 9LD, EV 106.3 MPH)
|
|
Batting: RHB Dean LeCroy
|
0-0: Ball 1-0: Ball 2-0: Ball 3-0: Called Strike 3-1: Swinging Strike 3-2: Strikes out looking
|
|
Batting: LHB Mark Reeg
|
0-0: Ball 1-0: Ball 2-0: Ground out 1-3 (Groundball, 25, EV 68.1 MPH)
|
| Top of the 2nd over - 0 runs, 1 hit, 0 errors, 1 left on base; Portland 0 - Calgary 0 |
| BOTTOM OF THE 2ND |
|
Calgary Flames batting - Pitching for Portland Angels : RHP Hector Carrizales
|
|
Batting: RHB Adrian Cook
|
0-0: Ball 1-0: Foul Ball, location: 2F 1-1: Foul Ball, location: 2F 1-2: SINGLE (Line Drive, 34D, EV 96.3 MPH)
|
|
Batting: RHB Kalidas Mishra
|
0-0: Foul Ball, location: 2F 0-1: Called Strike Adrian Cook is caught stealing 2nd base 2-4 0-2: Foul Ball, location: 2F 0-2: Ball 1-2: Fly out, F7 (Flyball, 7LS, EV 94.4 MPH)
|
|
Batting: RHB Ricardo Ortiz
|
0-0: Ball 1-0: Called Strike 1-1: Foul Ball, location: 2F 1-2: Strikes out looking
|
| Bottom of the 2nd over - 0 runs, 1 hit, 0 errors, 0 left on base; Portland 0 - Calgary 0 |
| TOP OF THE 3RD |
|
Portland Angels batting - Pitching for Calgary Flames : LHP Dae-Jung Cho
|
|
Batting: SHB Danny Gelinas
|
0-0: Ball 1-0: Fly out, F9 (Flyball, 89D, EV 99.4 MPH)
|
|
Batting: RHB Dan Burkhart
|
0-0: Foul Ball, location: 2F 0-1: Swinging Strike 0-2: Foul Ball, location: 2F 0-2: Ball 1-2: Strikes out swinging
|
|
Batting: RHB Jon Shonka
|
0-0: Called Strike 0-1: Ball 1-1: Called Strike 1-2: Fly out, F8 (Flyball, 8RM, EV 89.4 MPH)
|
| Top of the 3rd over - 0 runs, 0 hits, 0 errors, 0 left on base; Portland 0 - Calgary 0 |
| BOTTOM OF THE 3RD |
|
Calgary Flames batting - Pitching for Portland Angels : RHP Hector Carrizales
|
|
Batting: RHB Mike MacLeod
|
0-0: Ball 1-0: Fly out, F8 (Flyball, 8LD, EV 107.5 MPH)
|
|
Batting: LHB James McCauley
|
0-0: Called Strike 0-1: Ball 1-1: Foul Ball, location: 2F 1-2: Fly out, F8 (Flyball, 89M, EV 90.6 MPH)
|
|
Batting: RHB Jon Groseclose
|
0-0: Fly out, F8 (Flyball, 8LS, EV 90.0 MPH)
|
| Bottom of the 3rd over - 0 runs, 0 hits, 0 errors, 0 left on base; Portland 0 - Calgary 0 |
| TOP OF THE 4TH |
|
Portland Angels batting - Pitching for Calgary Flames : LHP Dae-Jung Cho
|
|
Batting: RHB Juan Rosa
|
0-0: Called Strike 0-1: Foul Ball, location: 2F 0-2: Strikes out swinging
|
|
Batting: RHB Khalil Thurston
|
0-0: Called Strike 0-1: Ball 1-1: Called Strike 1-2: Strikes out swinging
|
|
Batting: RHB Edward Hillock
|
0-0: Ball 1-0: Fly out, F7 (Flyball, 78S, EV 85.6 MPH)
|
| Top of the 4th over - 0 runs, 0 hits, 0 errors, 0 left on base; Portland 0 - Calgary 0 |
| BOTTOM OF THE 4TH |
|
Calgary Flames batting - Pitching for Portland Angels : RHP Hector Carrizales
|
|
Batting: RHB Dave McBain
|
0-0: Called Strike 0-1: Fly out, F6 (Popup, 6D, EV 70.6 MPH)
|
|
Batting: RHB Brian DeVoe
|
0-0: Ball 1-0: Fly out, F7 (Flyball, 78D, EV 101.9 MPH)
|
|
Batting: RHB Eric McMillian
|
0-0: Ball 1-0: Called Strike 1-1: Called Strike 1-2: Ball 2-2: Ball 3-2: Base on Balls
|
|
Batting: RHB Adrian Cook
|
0-0: Foul Ball, location: 2F 0-1: Fly out, F4 (Popup, 34, EV 61.3 MPH)
|
| Bottom of the 4th over - 0 runs, 0 hits, 0 errors, 1 left on base; Portland 0 - Calgary 0 |
| TOP OF THE 5TH |
|
Portland Angels batting - Pitching for Calgary Flames : LHP Dae-Jung Cho
|
|
Batting: LHB Edgar van der Meeren
|
0-0: Foul Ball, location: 2F 0-1: Foul Ball, location: 2F 0-2: Foul Ball, location: 2F 0-2: Foul Ball, location: 2F 0-2: Ball 1-2: Ball 2-2: Foul Ball, location: 2F 2-2: Ball 3-2: Ground out 5-3 (Groundball, 56, EV 85.6 MPH)
|
|
Batting: RHB Dean LeCroy
|
0-0: Foul Ball, location: 2F 0-1: Fly out, F9 (Flyball, 9D, EV 88.8 MPH)
|
|
Batting: LHB Mark Reeg
|
0-0: Called Strike 0-1: Ball 1-1: Ground out 6-3 (Groundball, 6, EV 81.9 MPH)
|
| Top of the 5th over - 0 runs, 0 hits, 0 errors, 0 left on base; Portland 0 - Calgary 0 |
| BOTTOM OF THE 5TH |
|
Calgary Flames batting - Pitching for Portland Angels : RHP Hector Carrizales
|
|
Batting: RHB Kalidas Mishra
|
0-0: Ball 1-0: Fly out, F9 (Flyball, 9S, EV 78.8 MPH)
|
|
Batting: RHB Ricardo Ortiz
|
0-0: Ball 1-0: Ball 2-0: Foul Ball, location: 2F 2-1: Ground out U3 (Groundball, 3, EV 93.1 MPH)
|
|
Batting: RHB Mike MacLeod
|
0-0: Called Strike 0-1: Called Strike 0-2: Strikes out swinging
|
| Bottom of the 5th over - 0 runs, 0 hits, 0 errors, 0 left on base; Portland 0 - Calgary 0 |
| TOP OF THE 6TH |
|
Portland Angels batting - Pitching for Calgary Flames : LHP Dae-Jung Cho
|
|
Batting: SHB Danny Gelinas
|
0-0: Called Strike 0-1: Foul Ball, location: 2F 0-2: Foul Ball, location: 2F 0-2: Strikes out swinging
|
|
Batting: RHB Dan Burkhart
|
0-0: Called Strike 0-1: Hit by Pitch
|
|
Batting: RHB Jon Shonka
|
0-0: Fly out, F7 (Flyball, 78D, EV 100.0 MPH)
|
|
Batting: RHB Juan Rosa
|
0-0: Ball 1-0: Foul Ball, location: 2F 1-1: Ball 2-1: Ground out U3 (Groundball, 3L, EV 75.6 MPH)
|
| Top of the 6th over - 0 runs, 0 hits, 0 errors, 1 left on base; Portland 0 - Calgary 0 |
| BOTTOM OF THE 6TH |
|
Calgary Flames batting - Pitching for Portland Angels : RHP Hector Carrizales
|
|
Batting: LHB James McCauley
|
0-0: Ball 1-0: Called Strike 1-1: Ball 2-1: Foul Ball, location: 2F 2-2: Fly out, F7 (Flyball, 78D, EV 100.0 MPH)
|
|
Batting: RHB Jon Groseclose
|
0-0: Swinging Strike 0-1: Ball 1-1: Ball 2-1: Ball 3-1: SINGLE (Line Drive, 9S, EV 96.9 MPH)
|
|
Batting: RHB Dave McBain
|
0-0: Foul Ball, location: 2F 0-1: Ball 1-1: Ball 2-1: Ball 3-1: Foul Ball, location: 2F 3-2: Base on Balls Jon Groseclose to second
|
|
Batting: RHB Brian DeVoe
|
0-0: Foul Ball, location: 2F 0-1: Called Strike 0-2: Strikes out swinging
|
|
Batting: RHB Eric McMillian
|
0-0: Swinging Strike 0-1: Foul Ball, location: 2F 0-2: Ground out 5-3 (Groundball, 56S, EV 70.6 MPH)
|
| Bottom of the 6th over - 0 runs, 1 hit, 0 errors, 2 left on base; Portland 0 - Calgary 0 |
| TOP OF THE 7TH |
|
Portland Angels batting - Pitching for Calgary Flames : LHP Dae-Jung Cho
|
|
Batting: RHB Khalil Thurston
|
0-0: Ball 1-0: Ball 2-0: Called Strike 2-1: Swinging Strike 2-2: Ground out 4-3 (Groundball, 4, EV 93.1 MPH)
|
|
Batting: RHB Edward Hillock
|
0-0: Ball 1-0: Called Strike 1-1: Ball 2-1: DOUBLE (Line Drive, 89XD, EV 105.0 MPH)
|
|
Batting: LHB Edgar van der Meeren
|
0-0: Ball 1-0: Ball 2-0: Foul Ball, location: 2F 2-1: Foul Ball, location: 2F 2-2: Ball 3-2: Strikes out swinging
|
|
Batting: RHB Dean LeCroy
|
0-0: Swinging Strike 0-1: Ball 1-1: Called Strike 1-2: Ball 2-2: Foul Ball, location: 2F 2-2: Strikes out swinging
|
| Top of the 7th over - 0 runs, 1 hit, 0 errors, 1 left on base; Portland 0 - Calgary 0 |
| BOTTOM OF THE 7TH |
|
Calgary Flames batting - Pitching for Portland Angels : RHP Hector Carrizales
|
|
Batting: RHB Adrian Cook
|
0-0: Ball 1-0: Swinging Strike 1-1: Foul Ball, location: 2F 1-2: Ball 2-2: Ball 3-2: Foul Ball, location: 2F 3-2: Base on Balls
|
|
Batting: RHB Kalidas Mishra
|
0-0: Swinging Strike 0-1: Swinging Strike 0-2: Ball 1-2: Strikes out swinging
|
|
Batting: RHB Ricardo Ortiz
|
0-0: Ball 1-0: Ball 2-0: Called Strike 2-1: Fly out, F9 (Flyball, 9LS, EV 81.3 MPH)
|
|
Batting: RHB Mike MacLeod
|
0-0: Called Strike 0-1: Foul Ball, location: 2F 0-2: Ball Adrian Cook steals 2nd base 1-2: Ball 2-2: Foul Ball, location: 2F 2-2: Ball 3-2: Ground out 4-3 (Groundball, 4, EV 81.3 MPH)
|
| Bottom of the 7th over - 0 runs, 0 hits, 0 errors, 1 left on base; Portland 0 - Calgary 0 |
| TOP OF THE 8TH |
|
Portland Angels batting - Pitching for Calgary Flames : LHP Dae-Jung Cho
|
|
Pinch Hitting: RHB Wilford Harper
|
0-0: Called Strike 0-1: Ball 1-1: Ball 2-1: Ball 3-1: SINGLE (Groundball, 4MS, EV 83.1 MPH) (infield hit)
|
|
Pinch Hitting: RHB T.J. Gray
|
0-0: Foul Ball, location: 2F 0-1: Called Strike 0-2: Ball 1-2: Grounds into double play, 4-6-3 (Groundball, 4, EV 84.4 MPH)
|
|
Batting: RHB Dan Burkhart
|
0-0: Ball 1-0: Ball 2-0: Ball 3-0: Base on Balls
|
|
Batting: RHB Jon Shonka
|
0-0: Ball 1-0: Called Strike 1-1: SINGLE (Groundball, 6MS, EV 66.3 MPH) (infield hit) Dan Burkhart to second
|
|
Batting: RHB Juan Rosa
|
0-0: Foul Ball, location: 2F 0-1: Foul Ball, location: 2F 0-2: Foul Ball, location: 2F 0-2: Foul Ball, location: 2F 0-2: Ball 1-2: Foul Ball, location: 2F 1-2: DOUBLE (Groundball, 5L, EV 104.4 MPH) Dan Burkhart scores Jon Shonka to third Runner from 3rd tries for Home, SAFE, throw by LF to trailing runner, OUT at third! 7-3-5
|
| Top of the 8th over - 2 runs, 3 hits, 0 errors, 0 left on base; Portland 2 - Calgary 0 |
| BOTTOM OF THE 8TH |
|
Calgary Flames batting - Pitching for Portland Angels : RHP Hector Carrizales
|
|
Pitching: RHP Manuel Vega
|
|
|
Now at 3B: Sean Rocha
|
|
|
Now in LF: Trevor Kingston
|
|
|
Batting: LHB James McCauley
|
0-0: SOLO HOME RUN (Flyball, 89XD, EV 110.0 MPH), Distance : 418 ft
|
|
Batting: LHB Tony Contreras
|
0-0: Ball 1-0: Fly out, F8 (Line Drive, 8RD, EV 89.4 MPH)
|
|
Batting: RHB Dave McBain
|
0-0: Ball 1-0: Called Strike 1-1: Ball 2-1: Foul Ball, location: 2F 2-2: Ball 3-2: Foul Ball, location: 2F 3-2: Foul Ball, location: 2F 3-2: Base on Balls
|
|
Batting: RHB Brian DeVoe
|
0-0: Called Strike 0-1: Fly out, F7 (Flyball, 78S, EV 90.0 MPH)
|
|
Batting: RHB Eric McMillian
|
0-0: Called Strike 0-1: Ball 1-1: Ball 2-1: Ball 3-1: DOUBLE (Flyball, 8LXD, EV 94.4 MPH) Dave McBain to third Runner from 3rd tries for Home, SAFE, throw by CF to home
|
|
Batting: RHB Adrian Cook
|
0-0: Ball 1-0: Ground out U3 (Groundball, 34, EV 106.9 MPH)
|
| Bottom of the 8th over - 2 runs, 2 hits, 0 errors, 1 left on base; Portland 2 - Calgary 2 |
| TOP OF THE 9TH |
|
Portland Angels batting - Pitching for Calgary Flames : LHP Dae-Jung Cho
|
|
Pitching: RHP Mike Swenson
|
|
|
Batting: RHB Khalil Thurston
|
0-0: Ground out 6-3 (Groundball, 6, EV 86.9 MPH)
|
|
Pinch Hitting: LHB Mario Anguiano
|
0-0: Called Strike 0-1: Ground out 4-3 (Groundball, 4, EV 101.3 MPH)
|
|
Batting: LHB Edgar van der Meeren
|
0-0: Ball 1-0: Foul Ball, location: 2F 1-1: Foul Ball, location: 2F 1-2: Ball 2-2: Strikes out swinging
|
| Top of the 9th over - 0 runs, 0 hits, 0 errors, 0 left on base; Portland 2 - Calgary 2 |
| BOTTOM OF THE 9TH |
|
Calgary Flames batting - Pitching for Portland Angels : RHP Manuel Vega
|
|
Pitching: RHP Jamie Snyder
|
|
|
Now at 2B: Dave Hicks
|
|
|
Batting: RHB Kalidas Mishra
|
0-0: Ball 1-0: Foul Ball, location: 2F 1-1: Called Strike 1-2: Foul Ball, location: 2F 1-2: Ground out 4-3 (Groundball, 4S, EV 76.3 MPH)
|
|
Pitching: RHP Eli Mercedes
|
|
|
Batting: RHB Ricardo Ortiz
|
0-0: Ball 1-0: Ground out 6-3 (Groundball, 6, EV 81.9 MPH)
|
|
Batting: RHB Mike MacLeod
|
0-0: Ball 1-0: Called Strike 1-1: Ball 2-1: Ball 3-1: Foul Ball, location: 2F 3-2: Base on Balls
|
|
Batting: LHB James McCauley
|
0-0: Ball 1-0: Foul Ball, location: 2F 1-1: Foul Ball, location: 2F 1-2: Foul Ball, location: 2F 1-2: Ball 2-2: Foul Ball, location: 2F 2-2: Foul Ball, location: 2F 2-2: Ground out 1-3 (Groundball, 15S, EV 76.3 MPH)
|
| Bottom of the 9th over - 0 runs, 0 hits, 0 errors, 1 left on base; Portland 2 - Calgary 2 |
| TOP OF THE 10TH |
|
Portland Angels batting - Pitching for Calgary Flames : RHP Mike Swenson
|
|
Pinch Hitting: LHB Griffin Ferris
|
0-0: Called Strike 0-1: Ball 1-1: Swinging Strike 1-2: Ball 2-2: Foul Ball, location: 2F 2-2: Foul Ball, location: 2F 2-2: Ball 3-2: Strikes out looking
|
|
Batting: RHB Trevor Kingston
|
0-0: Called Strike 0-1: Foul Ball, location: 2F 0-2: Ball 1-2: Foul Ball, location: 2F 1-2: Strikes out swinging
|
|
Batting: RHB Sean Rocha
|
0-0: Ball 1-0: Foul Ball, location: 2F 1-1: Foul Ball, location: 2F 1-2: Foul Ball, location: 2F 1-2: Ground out 6-3 (Groundball, 6, EV 87.5 MPH)
|
| Top of the 10th over - 0 runs, 0 hits, 0 errors, 0 left on base; Portland 2 - Calgary 2 |
| BOTTOM OF THE 10TH |
|
Calgary Flames batting - Pitching for Portland Angels : RHP Eli Mercedes
|
|
Now in CF: Noah Pena
|
|
|
Batting: LHB Tony Contreras
|
0-0: Ball 1-0: Ball 2-0: Called Strike 2-1: Ball 3-1: Called Strike 3-2: SINGLE (Groundball, 56S, EV 63.1 MPH) (infield hit)
|
|
Batting: RHB Dave McBain
|
0-0: Bunted foul 0-1: Bunted foul 0-2: Ball 1-2: Foul Ball, location: 2F 1-2: Foul Ball, location: 2F 1-2: SINGLE (Groundball, 13S, EV 69.4 MPH) (infield hit) Tony Contreras to second
|
|
Pitching: RHP Adam Hefner
|
|
|
Batting: RHB Brian DeVoe
|
0-0: Ball 1-0: Ball 2-0: Called Strike 2-1: Grounds into double play, 4-6-3 (Groundball, 34, EV 81.9 MPH) Tony Contreras to third
|
|
Batting: RHB Eric McMillian
|
0-0: Called Strike 0-1: Swinging Strike 0-2: Ball 1-2: Ball 2-2: Ball 3-2: Fly out, F9 (Flyball, 9, EV 90.0 MPH)
|
| Bottom of the 10th over - 0 runs, 2 hits, 0 errors, 1 left on base; Portland 2 - Calgary 2 |
| TOP OF THE 11TH |
|
Portland Angels batting - Pitching for Calgary Flames : RHP Mike Swenson
|
|
Batting: RHB Dan Burkhart
|
0-0: Foul Ball, location: 2F 0-1: Fly out, F8 (Line Drive, 8RD, EV 99.4 MPH)
|
|
Batting: RHB Jon Shonka
|
0-0: Ground out 5-3 (Groundball, 56, EV 86.3 MPH)
|
|
Batting: RHB Juan Rosa
|
0-0: Called Strike 0-1: Swinging Strike 0-2: Strikes out swinging
|
| Top of the 11th over - 0 runs, 0 hits, 0 errors, 0 left on base; Portland 2 - Calgary 2 |
| BOTTOM OF THE 11TH |
|
Calgary Flames batting - Pitching for Portland Angels : RHP Adam Hefner
|
|
Batting: RHB Adrian Cook
|
0-0: Called Strike 0-1: Ball 1-1: Called Strike 1-2: Strikes out swinging
|
|
Batting: RHB Kalidas Mishra
|
0-0: SINGLE (Line Drive, 9S, EV 92.5 MPH)
|
|
Batting: RHB Ricardo Ortiz
|
0-0: Ball 1-0: Ball 2-0: Fly out, F4 (Flyball, 4D, EV 83.8 MPH)
|
|
Batting: RHB Mike MacLeod
|
0-0: Swinging Strike 0-1: DOUBLE (Flyball, 89D, EV 86.3 MPH) Kalidas Mishra to third Runner from 3rd tries for Home, SAFE, throw by CF to trailing runner, SAFE at third!
|
| Bottom of the 11th over - 1 run, 2 hits, 0 errors, 0 left on base; Portland 2 - Calgary 3 |
| |
|
Game Over ... Calgary defeats Portland, 3 to 2
|
|
|